 Dungeon Crawl Stone Soup version 0.31.0-12-g77e489cdc1 (webtiles) character file.

Game seed: 4496699536591419854

1750 BigDaddyOpFi the Ruffian (level 9, -7/62 HPs)
             Began as an Octopode Fighter on Feb 22, 2024.
             Was an Initiate of Ashenzari.
             Mangled by a hornet (14 damage)
             ... on level 6 of the Dungeon.
             The game lasted 00:11:49 (5810 turns).

BigDaddyOpFi the Ruffian (Octopode Fighter)         Turns: 5810, Time: 00:11:50

Health: -7/62      AC:  1    Str: 16    XL:     9   Next: 6%
Magic:  1/9        EV: 16    Int:  5    God:    Ashenzari [......]
Gold:   144        SH:  7    Dex: 21    Spells: 7/8 levels left

rFire   + .          .
                       - Unarmed
rCold   + . .        a - +1 buckler
rNeg    + + .        m - +0 hat
rPois   +            g - amulet of the acrobat
rElec   .            i - ring of protection from fire
rCorr   .            c - ring "Restrained Together" {Dex+6, Comp, Self} (curse)
SInv    +            p - ring of willpower
Will    ++++.        r - ring "Qaijumoss" {rN+ SInv}
Stlth   +++          w - ring of positive energy
HPRegen 0.30/turn    x - ring of Loceraacea {rPois rC+ Will+++ Int-5 SInv}
MPRegen 0.11/turn    (no ring)
                     (no ring)

%: acrobat
@: lethally poisoned (-7 -> -14)
A: almost no armour, amphibious, 8 rings, camouflage 1, gelatinous body 1,
(nimble swimmer 1), tentacles, subdued magic 1, MP-powered wands
a: Renounce Religion, Shatter the Chains


You were on level 6 of the Dungeon.
You worshipped Ashenzari.
Ashenzari was noncommittal.
You visited 2 branches of the dungeon, and saw 7 of its levels.

You collected 264 gold pieces.
You spent 120 gold pieces at shops.

Inventory:

Hand Weapons
 t - a +3 quarterstaff of chaos
Armour
 a - a +1 buckler (worn)
 j - a +0 cloak
 m - a +0 hat (worn)
Jewellery
 c - the cursed ring "Restrained Together" (right tentacle) {Dex+6, Comp, Self}
   (You found it on level 2 of the Dungeon)

   [ring of dexterity]

   Dex+6:     It affects your dexterity (+6).
   It has a curse which improves the following skills: Companions: Summonings
   and Necromancy.
   Introspection: Fighting and Spellcasting.
 g - an amulet of the acrobat (around mantle)
 i - a ring of protection from fire (left tentacle)
 p - a ring of willpower (on tentacle)
 r - the ring "Qaijumoss" (on tentacle) {rN+ SInv}
   (You bought it in a shop on level 4 of the Dungeon)

   [ring of see invisible]

   rN+:       It protects you from negative energy.
   SInv:      It lets you see invisible.
 w - a ring of positive energy (on tentacle)
 x - the ring of Loceraacea (on tentacle) {rPois rC+ Will+++ Int-5 SInv}
   (You found it on level 6 of the Dungeon)

   [ring of protection from cold]

   Int-5:     It affects your intelligence (-5).
   rC+:       It protects you from cold.
   rPois:     It protects you from poison Will+++: It greatly increases your
   willpower.
   SInv:      It lets you see invisible.
Wands
 e - a wand of polymorph (13)
 n - a wand of flame (24)
 y - a wand of paralysis (2) (quivered)
Scrolls
 h - 2 scrolls of poison
 l - a scroll of enchant weapon
 o - a scroll of immolation
 s - a scroll of revelation {unknown}
 u - a scroll of fog {unknown}
 A - a scroll of vulnerability
Potions
 b - a potion of attraction {unknown}
 d - a potion of curing
 f - 2 potions of enlightenment
 k - a potion of ambrosia
 q - 2 potions of degeneration {unknown}
 v - a potion of heal wounds {unknown}
 z - a potion of haste {unknown}


   Skills:
 + Level 5.4(5.9) Fighting
 + Level 4.2 Throwing
 + Level 5.4 Dodging
 + Level 5.4 Shields
 + Level 6.7 Unarmed Combat
 + Level 0.1(0.2) Spellcasting
 * Level 0.4 Earth Magic
 - Level 1.0 Evocations


You had 7 spell levels left.
You knew the following spells:

 Your Spells              Type           Power      Damage    Failure   Level
a - Sandblast             Erth           0%         2d4       45%         1

Your spell library contained the following spells:

 Spells                   Type           Power      Damage    Failure   Level
 Necrotise                Necr           0%         1d4       50%         1
 Summon Small Mammal      Summ           0%         N/A       50%         1
 Apportation              Tloc           0%         N/A       52%         1
 Freeze                   Ice            0%         1d3       52%         1
 Sting                    Conj/Alch      0%         1d3       52%         1
 Call Imp                 Summ           0%         N/A       65%         2
 Sublimation of Blood     Necr           0%         N/A       65%         2
 Mercury Vapours          Alch/Air       0%         N/A       67%         2
 Passwall                 Erth           0%         N/A       83%         3
 Stone Arrow              Conj/Erth      0%         3d7       86%         3
 Call Canine Familiar     Summ           0%         N/A       87%         3
 Frozen Ramparts          Ice            0%         1d1       88%         3
 Hailstorm                Conj/Ice       0%         3d5       88%         3
 Mephitic Cloud           Conj/Alch/Air  0%         N/A       88%         3
 Brom's Barrelling Bould  Conj/Erth      0%         2d3       99%         4
 Summon Blazeheart Golem  Fire/Summ      0%         N/A       99%         4
 Freezing Cloud           Conj/Ice/Air   0%         6-21      100%        5
 Summon Hydra             Summ           0%         N/A       100%        7


Dungeon Overview and Level Annotations

Branches:
Dungeon (6/15)             Temple (1/1) D:5

Altars:
Ashenzari
Dithmenos
Kikubaaqudgha
Nemelex Xobeh
Okawaru
Qazlal
Trog
Xom
Zin

Shops:
D:4 [**


Innate Abilities, Weirdness & Mutations

You cannot wear most types of armour.
You are amphibious.
You can wear up to eight rings at the same time.
Your skin changes colour to match your surroundings (Stealth+).
Your rubbery body absorbs attacks. (AC +1, EV +1)
((You are camouflaged when in or above water. (Stealth+)))
You have tentacles for arms and can constrict up to eight enemies at once.
Your spells are a little easier to cast, but a little less powerful.
You expend magic power (3 MP) to strengthen your wands.


Message History

You constrict the hornet. The hornet stings you.
You are poisoned.
You suddenly lose the ability to move!
You lose your grip on the hornet.
You feel sick. The hornet stings you.
You shrug off the repeated paralysis!
The hornet stings you.
You feel sick. The hornet stings you.
You can move again.
Unknown command.
Unknown command.
You tentacle-slap the hornet. You grab the hornet. You squeeze the hornet.
The hornet is moderately wounded.
You constrict the hornet.
You feel sick. The hornet stings you! x2
Unknown command.
Unknown command.
You feel better.
You constrict the hornet, but do no damage.
The hornet stings you!
You barely miss the hornet.
The hornet is heavily wounded.
You constrict the hornet, but do no damage.
The hornet stings you!
* * * LOW HITPOINT WARNING * * *
Okay, then.
Okay, then.
You feel better.
You constrict the hornet. The hornet stings you.
* * * LOW HITPOINT WARNING * * *
The hornet barely misses you.
You tentacle-slap the hornet but do no damage.
The hornet is heavily wounded.
You constrict the hornet. The hornet misses you.
You release your grip on the hornet.
The hornet misses you.
There is an open door here.
You tentacle-slap the hornet but do no damage.
Your grab misses the hornet.
The hornet is heavily wounded.
The hornet stings you!
* * * LOW HITPOINT WARNING * * *
You are lethally poisoned!
The hornet stings you!
You die...

..........#.........#....
..#####'###.........#....
#...........)....#....
#................#....
#................#....
+................'....
#................#####
#####y###'######......
#..@....#....#......
#.......#....#......
##.......#....#......
#.......###...#......
###########...###'###
#...........#
#...........#
#...........#
#############


You could see a hornet.

Vanquished Creatures
  Pikel (D:4)
  Grinder (D:6)
  An ice beast (D:6)
  2 black bears (D:5)
  A sky beast (D:6)
  An ogre (D:5)
  3 lemures (D:4)
  2 scorpions
  A howler monkey (D:4)
  2 orc priests (D:4)
  A bombardier beetle (D:4)
  A hound (D:6)
  2 jellies
  Crazy Yiuf (D:4)
  2 sleepcaps (D:6)
  2 iguanas
  Natasha (thrice) (D:2)
  An orc wizard (D:4)
  4 adders
  A shadow imp (D:5)
  2 dart slugs
  A ribbon worm (D:2)
  4 orcs
  2 ball pythons
  7 endoplasms
  2 giant cockroaches
  7 goblins
  7 hobgoblins
  3 jackals (D:3)
  2 quokkas (D:1)
  2 bats (D:1)
  4 frilled lizards
  8 kobolds
  2 rats (D:2)
86 creatures vanquished.

Notes
Turn   | Place    | Note
-------+----------+-------------------------------------------
     0 | D:1      | BigDaddyOpFi the Octopode Fighter began the quest for the
                  | Orb.
     0 | D:1      | Reached XP level 1. HP: 16/16 MP: 1/1
   109 | D:1      | Reached XP level 2. HP: 11/21 MP: 2/2
   715 | D:2      | Reached XP level 3. HP: 17/26 MP: 3/3
   833 | D:2      | Noticed Natasha
   841 | D:2      | Killed Natasha
  1153 | D:2      | Reached XP level 4. HP: 7/31 MP: 4/4
  1238 | D:2      | Noticed Natasha
  1245 | D:2      | Killed Natasha
  1246 | D:2      | Reached skill level 1 in Throwing
  1246 | D:2      | Reached skill level 3 in Unarmed Combat
  1361 | D:2      | Noticed Natasha
  1396 | D:2      | Killed Natasha
  1397 | D:2      | Reached XP level 5. HP: 19/36 MP: 5/5
  2365 | D:4      | Noticed Pikel
  2365 | D:4      | Noticed a lemure
  2365 | D:4      | Noticed a lemure
  2365 | D:4      | Noticed a lemure
  2365 | D:4      | Noticed a lemure
  2559 | D:4      | Reached XP level 6. HP: 37/43 MP: 6/6
  2583 | D:4      | Gained mutation: Your spells are a little easier to cast,
                  | but a little less powerful. [potion of mutation]
  2583 | D:4      | Gained mutation: You expend magic power (3 MP) to
                  | strengthen your wands. [potion of mutation]
  2705 | D:4      | Reached skill level 4 in Unarmed Combat
  3046 | D:4      | Found Feret's Assorted Antiques.
  3102 | D:4      | Found Vaniol's Assorted Antiques.
  3107 | D:4      | Bought a crude bone ring for 120 gold pieces
  3107 | D:4      | Identified the ring "Qaijumoss" {rN+ SInv} (You bought it
                  | in a shop on level 4 of the Dungeon)
  3120 | D:4      | Found Hinerro's Armour Boutique.
  3474 | D:5      | Entered Level 5 of the Dungeon
  3474 | D:5      | Noticed a black bear
  3585 | D:4      | Killed Pikel
  3586 | D:4      | Reached skill level 5 in Unarmed Combat
  3586 | D:4      | Reached XP level 7. HP: 41/49 MP: 7/7
  3640 | D:4      | Found a runed translucent door.
  3641 | D:4      | Noticed Crazy Yiuf
  3649 | D:4      | Killed Crazy Yiuf
  4095 | D:5      | Reached XP level 8. HP: 49/54 MP: 8/8
  4615 | D:5      | Found a sparkling altar of Nemelex Xobeh.
  4776 | D:5      | Found a staircase to the Ecumenical Temple.
  4783 | D:5      | Reached skill level 5 in Fighting
  4783 | D:5      | Reached skill level 5 in Shields
  4783 | D:5      | Reached skill level 6 in Unarmed Combat
  4787 | Temple   | Entered the Ecumenical Temple
  4825 | Temple   | Became a worshipper of Ashenzari the Shackled
  4935 | D:5      | Found a glowing silver altar of Zin.
  4989 | D:5      | Identified the +1 leather armour of the Pirate {Str+3 SInv}
  5122 | D:6      | Identified the ring of Loceraacea {rPois rC+ Will+++ Int-5
                  | SInv}
  5129 | D:6      | Noticed Grinder
  5135 | D:6      | Killed Grinder
  5136 | D:6      | Reached skill level 5 in Dodging
  5429 | D:6      | Reached XP level 9. HP: 58/61 MP: 9/9
  5650 | D:6      | Reached skill level 1 in Evocations
  5701 | D:6      | Learned a level 1 spell: Sandblast
  5794 | D:6      | Noticed a hornet
  5800 | D:6      | Paralysed by a hornet for 2 turns
  5810 | D:6      | Mangled by a hornet

Illustrated notes

Levels and vault maps discovered:
D:1:      psy_arrival_radial02, layout_rooms
D:2:      layout_basic, uniq_natasha
D:3:      layout_rooms, kennysheep_generic_room_12
D:4:      layout_loops_ring, serial_shops, shop_statue,
          nicolae_shop_window_shopping, shop, nrook_mini_backslash,
          uniq_crazy_yiuf_cottage, uniq_pikel
D:5:      layout_cave_pools, zin_treasury, nemelex_dance_club_becter,
          minmay_temple_entry_hall
D:6:      layout_gridville, uniq_jeremiah, uniq_grinder
Temple:   nicolae_temple_great_sept

Skill      XL: |  1  2  3  4  5  6  7  8  9 |
---------------+----------------------------+-----
Throwing       | 1 3 4 |  4.2
Unarmed Combat | 3 5 6 |  6.7
Fighting       | 4 5 |  5.4
Shields        | 4 5 |  5.4
Dodging        | 4 5 |  5.4
Evocations     | 1 |  1.0
Spellcasting   | |  0.1
Earth Magic    | |  0.4

Action                     |  1- 3 |  4- 6 |  7- 9 || total
---------------------------+-------+-------+-------++-------
  Melee: Unarmed           |    78 |   113 |    88 ||   279
         Constrict         |    18 |    26 |    16 ||    60
         Tentacles         |    19 |    27 |    33 ||    79
         Punch             |     3 |     6 |    11 ||    20
  Throw: Dart              |     8 |    18 |     3 ||    29
 Invoke: Curse Item        |       |       |     1 ||     1
  Evoke: Wand              |       |     1 |     5 ||     6
    Use: Potion            |     2 |     6 |     2 ||    10
         Scroll            |     1 |     5 |     2 ||     8
   Stab: Sleeping          |     3 |     3 |     1 ||     7
         Paralysed         |       |       |     7 ||     7
 Armour: Skin              |    30 |    69 |    31 ||   130
  Dodge: Dodged            |    35 |    57 |    39 ||   131
  Block: Buckler           |     9 |    32 |    18 ||    59
